 Dungeon Crawl Stone Soup version 0.27.1-3-gb3d3a73c9e (webtiles) character file.

Game seed: 1686696769895492341

690 earthworldpsion the Cudgeller (level 7, -2/63 HPs)
             Began as a Minotaur Berserker on Oct 21, 2021.
             Was a Priest of Trog.
             Slain by a gnoll (3 damage)
             ... on level 4 of the Dungeon.
             The game lasted 00:07:32 (2815 turns).

earthworldpsion the Cudgeller (Minotaur Berserker)  Turns: 2815, Time: 00:07:33

Health: -2/63      AC:  9    Str: 23    XL:     7   Next: 36%
Magic:  2/2        EV:  9    Int:  4    God:    Trog [***...]
Gold:   58         SH:  0    Dex: 10    Spells: 6/6 levels left

rFire    . . .     SeeInvis .   s - +1 mace (antimagic)
rCold    . . .     Faith    .   (no shield)
rNeg     . . .     Spirit   .   e - +0 chain mail
rPois    .         Reflect  .   (helmet restricted)
rElec    .         Harm     .   (no cloak)
rCorr    .         Rampage  .   (no gloves)
Will     ++...                  (no boots)
Stlth    ..........             (no amulet)
HPRegen  1.20/turn              (no ring)
MPRegen  0.08/turn              (no ring)

@: lit by a corona, strong-willed, on berserk cooldown, regenerating, slowed,
glowing, very slow
A: horns 2, retaliatory headbutt
a: Renounce Religion, Berserk, Trog's Hand


You were on level 4 of the Dungeon.
You worshipped Trog.
Trog was most pleased with you.
You visited 1 branch of the dungeon, and saw 4 of its levels.

You collected 58 gold pieces.

Inventory:

Hand Weapons
 a - a +0 mace
 s - a +1 antimagic mace (weapon)
Missiles
 g - 21 poisoned darts (quivered)
 k - a throwing net
Armour
 b - a +0 animal skin
 e - a +0 chain mail (worn)
Wands
 i - a wand of paralysis (6)
 l - a wand of flame (7)
 n - a wand of iceblast (7)
Scrolls
 c - a scroll of fog {unknown}
 h - a scroll of enchant weapon {unknown}
 j - a scroll of blinking {unknown}
 m - a scroll of teleportation {unknown}
 p - 2 scrolls of enchant armour
 t - a scroll of immolation {unknown}
 u - a scroll of noise {unknown}
Potions
 d - a potion of flight {unknown}
 o - a potion of mutation {unknown}
 q - a potion of attraction {unknown}
 r - a potion of berserk rage {unknown}


   Skills:
 + Level 6.0 Fighting
 + Level 6.1 Maces & Flails
 + Level 5.3 Armour
 + Level 4.8 Dodging


You had 6 spell levels left.
You didn't know any spells.
Your spell library was empty.

Dungeon Overview and Level Annotations

Branches:
Dungeon (4/15)
 Temple: D:4-7

Altars:
Fedhas
Gozag

Shops:
D:1 =


Innate Abilities, Weirdness & Mutations

You have a pair of horns on your head.
You reflexively headbutt those who attack you in melee.


Message History

The gnoll is moderately wounded.
The gnoll barely misses you. The gnoll hits you but does no damage.
The gnoll barely misses you.
The gnoll hits you from afar with a +0 spear.
* * * LOW HITPOINT WARNING * * *
You hit the phantom but do no damage. The gnoll hits you with a +0 whip.
* * * LOW HITPOINT WARNING * * *
The gnoll closely misses you. The gnoll barely misses you.
You furiously retaliate!
You headbutt the gnoll!
You kill the gnoll!
Trog accepts your kill.
The phantom hits you but does no damage.
The gnoll hits you but does no damage.
The phantom hits you but does no damage.
The gnoll hits you from afar with a +0 spear.
* * * LOW HITPOINT WARNING * * *
You hit the phantom but do no damage.
Your skin stops crawling.
You feel less strong-willed. The gnoll hits you but does no damage.
The phantom hits you.
* * * LOW HITPOINT WARNING * * *
The gnoll hits you from afar with a +0 spear.
* * * LOW HITPOINT WARNING * * *
You barely miss the phantom. The gnoll barely misses you.
The phantom hits you but does no damage.
The gnoll hits you but does no damage.
The phantom hits you but does no damage.
The gnoll hits you from afar with a +0 spear.
* * * LOW HITPOINT WARNING * * *
You feel better. The gnoll closely misses you. The phantom closely misses you.
You furiously retaliate!
You headbutt the phantom, but do no damage.
The gnoll hits you from afar with a +0 spear.
* * * LOW HITPOINT WARNING * * *
The phantom completely misses you.
Your skin crawls.
You feel strong-willed.
The gnoll hits you from afar with a +0 spear.
* * * LOW HITPOINT WARNING * * *
The gnoll hits you from afar with a +0 spear.
You die...

...#################
...................##
#######.####.####...##
#........##.# #.#.#.##
#.##.#.#.##.##.##.##.##
#.#.#.##.#.###.###..
#...............(...
#........#.###.#...#
##)@)###.# #.##.##
##W## ..# #..._.^
#gg...... ..#.#.
#.#.#...# ###..#. #.#.#
## #.##. :.. # ##.##.
#.. ##..... ###
####.....# .........#


You could see a phantom and 2 gnolls.

Vanquished Creatures
  Grinder (D:3)
  A black bear (D:4)
  A bullfrog (D:4)
  An orc priest (D:3)
  A centaur skeleton (D:4)
  A gnoll shaman (D:4)
  Terence (D:3)
  Ijyb (D:3)
  Robin (D:2)
  5 gnolls
  4 adders
  An adder skeleton (D:4)
  2 worms (D:2)
  3 dart slugs
  4 orcs (D:3)
  6 ball pythons
  11 bats
  7 endoplasms
  4 giant cockroaches
  8 hobgoblins
  4 quokkas
  6 frilled lizards
  13 goblins
  5 kobolds
  5 rats
97 creatures vanquished.

Vanquished Creatures (others)
  A plant (D:1)
1 creature vanquished.

Grand Total: 98 creatures vanquished

Notes
Turn   | Place    | Note
-------+----------+-------------------------------------------
     0 | D:1      | earthworldpsion the Minotaur Berserker began the quest for
                  | the Orb.
     0 | D:1      | Reached XP level 1. HP: 19/19 MP: 0/0
   141 | D:1      | Reached XP level 2. HP: 27/27 MP: 1/1
   376 | D:1      | Found Ogizeigra's Jewellery Emporium.
   916 | D:2      | Reached ** piety under Trog
   925 | D:2      | Reached XP level 3. HP: 29/33 MP: 2/2
  1089 | D:2      | Noticed Robin
  1094 | D:2      | Reached XP level 4. HP: 40/40 MP: 3/3
  1098 | D:2      | Killed Robin
  1608 | D:3      | Noticed Terence
  1616 | D:3      | Killed Terence
  1779 | D:3      | Reached XP level 5. HP: 47/47 MP: 4/4
  1984 | D:3      | Noticed Grinder
  1994 | D:3      | Killed Grinder
  1995 | D:3      | Reached skill level 5 in Fighting
  1995 | D:3      | Reached skill level 5 in Maces & Flails
  1995 | D:3      | Reached XP level 6. HP: 56/56 MP: 5/5
  2117 | D:3      | Noticed Ijyb
  2125 | D:3      | Killed Ijyb
  2125 | D:3      | Reached *** piety under Trog
  2413 | D:3      | Found an opulent altar of Gozag.
  2581 | D:4      | Reached skill level 5 in Armour
  2581 | D:4      | Reached XP level 7. HP: 46/62 MP: 6/6
  2769 | D:4      | Found a blossoming altar of Fedhas.
  2812 | D:4      | HP: 3/63 [gnoll (3)]
  2815 | D:4      | HP: 1/63 [gnoll (4)]
  2815 | D:4      | Slain by a gnoll

Illustrated notes

Levels and vault maps discovered:
D:1:      roderic_chinese_lattice_arrival, layout_rooms, serial_forest,
          infiniplex_forest_lined_3_way, infiniplex_forest_lined_room_,
          infiniplex_forest_straight_5, infiniplex_forest_lined_room_2,
          infiniplex_forest_clump_diagonal, infiniplex_forest_clump_small,
          infiniplex_forest_clump_long, infiniplex_forest_split, serial_shops,
          shop, minmay_misc_feat_roman, serial_bayou_lagoon_b
D:2:      layout_basic, st_stairs_8, uniq_robin
D:3:      layout_loops_ring, grunt_gozag_breadcrumbs, uniq_ijyb, uniq_terence,
          uniq_grinder
D:4:      layout_loops_ring, lemuel_crystal_altar, ebering_ghost_gozag,
          minmay_circle_x, uniq_crazy_yiuf_cottage

Skill      XL: |  1  2  3  4  5  6  7 |
---------------+----------------------+-----
Maces & Flails | 4 5 6 |  6.1
Fighting       | 4 5 6 |  6.0
Armour         | 3 4 5 |  5.3
Dodging        | 3 4 |  4.8

Action                   |  1- 3 |  4- 6 |  7- 9 || total
-------------------------+-------+-------+-------++-------
Melee: Mace              |    75 |    95 |    24 ||   194
       Headbutt          |    11 |    20 |     4 ||    35
Throw: Dart              |       |     4 |       ||     4
Invok: Berserk           |     3 |     4 |     2 ||     9
       Trog's Hand       |     1 |     1 |     2 ||     4
  Use: Scroll            |       |       |     2 ||     2
       Potion            |       |       |     1 ||     1
Armor: Animal skin       |     5 |       |       ||     5
       Chain mail        |    40 |    37 |    26 ||   103
Dodge: Dodged            |    37 |    35 |    25 ||    97
